MapleLeafs vs Flames

Created - November 23, 2015 at 18:13

Goals
1 2 3 T
MapleLeafs 0 1 0 1
Flames 1 1 0 2
Shots
1 2 3 T
MapleLeafs 2 4 2 8
Flames 12 5 7 24

1st period

1. Flames , Andrew Miller 6 (David Perron, Kevan Miller) at 19:20

Penalties :
Milan Lucic (TOR) for Tripping (Minor) at 0:29

2nd period

2. Flames , Alex Tanguay 11 (Erik Johnson) at 4:13 (PP)
3. MapleLeafs , Eric Gelinas 1 (Matt Martin, Alexei Emelin) at 13:07

Penalties :
Matt Martin (TOR) for Slashing (Minor) at 3:50, Devante Smith-Pelly (TOR) for Hooking (Minor) at 7:30, Alexei Emelin (TOR) for Holding (Minor) at 16:53

3rd period

No Goal

Penalties :
Matt Cullen (CGY) for Fighting (Major) at 1:59, Travis Hamonic (TOR) for Fighting (Major) at 1:59, Jarret Stoll (CGY) for Tripping (Minor) at 5:09, Devante Smith-Pelly (TOR) for Hooking (Minor) at 15:03, Bobby Ryan (CGY) for High sticking (Minor) at 18:14

Goalie Stats

Petr Mrazek (TOR), 22 saves from 24 shots - (0.917), L, 6-10-0, 59:00 minutes
Ben Bishop (CGY), 7 saves from 8 shots - (0.875), W, 8-8-3, 60:00 minutes

Players Stats for MapleLeafs

Player Name              G  A  P  +/- PIM S  H  SB GA TA FO     MP     PP MP  PK MP  
------------------------------------------------------------------------------------
Alexei Emelin            0  1  1   1  2   0  1  1  0  0  0/0    16:15   0:47   0:00 
Antoine Roussel          0  0  0   1  0   0  1  0  0  0  1/2    16:31   0:47   1:03 
David Clarkson           0  0  0   0  0   0  0  0  0  0  0/0     2:53   0:00   0:00 
Devante Smith-Pelly      0  0  0  -1  4   1  1  1  0  0  0/2    16:24   1:55   0:18 
Eric Gelinas             1  0  1   1  0   1  1  0  0  0  0/0    16:16   0:47   0:00 
Frans Nielsen            0  0  0  -1  0   0  0  0  0  0  12/23  22:11   1:55   6:03 
Jay Bouwmeester          0  0  0   0  0   1  1  0  0  0  0/0    19:18   1:52   4:15 
Jiri Sekac               0  0  0   0  0   0  0  0  0  0  0/0     2:53   0:00   0:00 
Marcus Johansson         0  0  0   0  0   1  0  0  0  0  1/2    19:10   1:02   1:58 
Matt Duchene             0  0  0   0  0   1  1  1  0  0  12/34  26:08   1:02   6:03 
Matt Martin              0  1  1   1  2   0  0  0  0  0  1/2    15:27   0:47   0:00 
Michael Del Zotto        0  0  0  -1  0   0  1  0  0  0  0/0    21:31   1:05   4:04 
Michael Grabner          0  0  0  -1  0   1  2  0  0  0  0/1    16:08   1:55   0:00 
Milan Lucic              0  0  0   0  2   1  3  0  0  0  1/3    18:24   1:02   1:13 
Nick Leddy               0  0  0   0  0   0  0  2  0  0  0/0    19:18   1:52   4:15 
Nikita Nikitin           0  0  0   0  0   0  0  0  0  0  0/0     5:02   0:00   0:00 
Riley Sheahan            0  0  0   1  0   1  0  0  0  0  5/13   15:28   0:47   0:00 
Travis Hamonic           0  0  0  -1  5   0  2  2  0  0  0/0    22:18   1:05   4:04 

Players Stats for Flames

Player Name              G  A  P  +/- PIM S  H  SB GA TA FO     MP     PP MP  PK MP  
------------------------------------------------------------------------------------
Alex Tanguay             1  0  1  -1  0   3  0  0  0  0  2/2    22:05   4:52   1:14 
Andrej Nestrasil         0  0  0   0  0   2  0  0  0  0  1/2    13:16   0:00   1:04 
Andrew MacDonald         0  0  0   0  0   0  0  0  0  0  0/0     0:00   0:00   0:00 
Andrew Miller            1  0  1   1  0   3  0  0  0  0  1/1    19:31   3:27   0:00 
Antoine Vermette         0  0  0   1  0   2  1  0  0  0  13/26  21:39   4:52   1:14 
Anze Kopitar             0  0  0  -1  0   1  2  0  0  0  13/21  22:08   0:00   1:56 
Bobby Ryan               0  0  0  -1  2   3  2  0  0  0  1/2    20:10   3:27   0:45 
Bryan Bickell            0  0  0   0  0   0  1  0  0  0  0/0     4:54   0:00   0:41 
David Perron             0  1  1   1  0   3  6  0  0  0  0/1    20:43   4:52   0:00 
Erik Johnson             0  1  1  -1  0   1  0  1  0  0  0/0    26:19   4:52   1:32 
Jack Johnson             0  0  0   0  0   0  2  0  0  0  0/0    21:04   3:27   2:12 
Jared Spurgeon           0  0  0   0  0   3  1  0  0  0  0/0    21:04   3:27   2:12 
Jarret Stoll             0  0  0   0  2   1  1  0  0  0  12/19  16:12   3:27   0:34 
Justin Faulk             0  0  0  -1  0   0  1  1  0  0  0/0    23:48   4:52   1:32 
Kevan Miller             0  1  1   1  0   1  2  2  0  0  0/0    15:08   0:00   0:00 
Matt Cullen              0  0  0   0  5   1  0  0  0  0  6/8    15:35   0:00   0:00 
Stephane Robidas         0  0  0   0  0   0  0  0  0  0  0/0     0:00   0:00   0:00 
Thomas Hickey            0  0  0   1  0   0  0  0  0  0  0/0    12:37   0:00   0:00 

3 Stars

1 - David Perron (CGY)
2 - Eric Gelinas (TOR)
3 - Andrew Miller (CGY)

Power Play

MapleLeafs - 0 on 2 Attempt(s) - 0.00%
Flames - 1 on 5 Attempt(s) - 20.00%

Penalty Kill

MapleLeafs - 4 on 5 Attempt(s) - 80.00% - Score 0 goal in Penalty Kill
Flames - 2 on 2 Attempt(s) - 100.00% - Score 0 goal in Penalty Kill

Team Stat

MapleLeafs - Hits : 14 - Faceoff Wins : 33 - Blocked Shots : 7 - Penalty Minutes : 15
Flames - Hits : 19 - Faceoff Wins : 49 - Blocked Shots : 4 - Penalty Minutes : 9

Official

Referees : TJ Luxmore and Steve Kozari
Linesman : Bryan Pancich and Jonny Murray

Game Notes

Travis Hamonic beats up Matt Cullen at 1:59 of 3rd period

Finance

Level 1 -- Attendance: 6500 (100.00%) -- Ticket Income $715,000
Level 2 -- Attendance: 5000 (100.00%) -- Ticket Income $375,000
Level 3 -- Attendance: 2826 (80.74%) -- Ticket Income $169,560
Level 4 -- Attendance: 2736 (83.19%) -- Ticket Income $109,440
Luxury Box -- Attendance: 1000 (100.00%) -- Ticket Income $200,000
Game was played at the Scotiabank Saddledome.
Total Attendance: 18062 (93.64%)
Total Ticket Income: $1,569,000
Other Income: $235,350
Total Income: $1,804,350

% Time on Ice - MapleLeafs

Lines # - Real PCT - Wanted PCT - Time Play
Normal Forward
1 - 34% - 36% - 16:10
2 - 30% - 34% - 14:13
3 - 31% - 22% - 14:41
4 - 6% - 8% - 2:53
Normal Defense
1 - 34% - 36% - 16:22
2 - 27% - 32% - 13:11
3 - 32% - 24% - 15:29
4 - 6% - 8% - 2:55
PP Forward
1 - 28% - 60% - 1:02
2 - 72% - 40% - 2:42
PP Defense
1 - 50% - 60% - 1:52
2 - 50% - 40% - 1:52
PK Forward
1 - 76% - 60% - 6:21
2 - 24% - 40% - 1:58
PK Defense
1 - 49% - 60% - 4:04
2 - 51% - 40% - 4:15
PK3 Forward
1 - 0% - 60%
2 - 0% - 40%
PK3 Defense
1 - 0% - 60%
2 - 0% - 40%
44 Forward
1 - 0% - 60%
2 - 0% - 40%
44 Defense
1 - 0% - 60%
2 - 0% - 40%
Last Minute Offensive  - 0:00
Last Minute Defensive  - 0:00
Total
Forward - 60:00
Defense - 60:00

% Time on Ice - Flames

Lines # - Real PCT - Wanted PCT - Time Play
Normal Forward
1 - 33% - 40% - 15:59
2 - 32% - 30% - 15:33
3 - 25% - 20% - 12:12
4 - 9% - 10% - 4:13
Normal Defense
1 - 36% - 40% - 17:24
2 - 32% - 30% - 15:25
3 - 26% - 20% - 12:37
4 - 5% - 10% - 2:31
PP Forward
1 - 59% - 60% - 4:52
2 - 41% - 40% - 3:27
PP Defense
1 - 59% - 60% - 4:52
2 - 41% - 40% - 3:27
PK Forward
1 - 67% - 60% - 2:30
2 - 33% - 40% - 1:14
PK Defense
1 - 41% - 60% - 1:32
2 - 59% - 40% - 2:12
PK3 Forward
1 - 0% - 60%
2 - 0% - 40%
PK3 Defense
1 - 0% - 60%
2 - 0% - 40%
44 Forward
1 - 0% - 60%
2 - 0% - 40%
44 Defense
1 - 0% - 60%
2 - 0% - 40%
Last Minute Offensive  - 0:00
Last Minute Defensive  - 0:00
Total
Forward - 60:00
Defense - 60:00

Play by Play

1st period


0:01 of 1st period - Matt Duchene wins face-off versus Anze Kopitar in neutral zone.
0:11 of 1st period - Anze Kopitar is hit by Michael Del Zotto and loses puck.
0:29 of 1st period - Minor Penalty to Milan Lucic for Tripping.
0:30 of 1st period - Antoine Vermette wins face-off versus Matt Duchene in MapleLeafs zone.
0:45 of 1st period - Shot by Jared Spurgeon.
0:45 of 1st period - Shot Blocked by Nick Leddy.
1:57 of 1st period - Icing by Bobby Ryan.
1:58 of 1st period - Jarret Stoll wins face-off versus Matt Duchene in Flames zone.
1:58 of 1st period - Jarret Stoll is hit by Matt Duchene.
2:31 of 1st period - Eric Gelinas is hit by Bryan Bickell and loses puck.
2:57 of 1st period - Icing by Eric Gelinas.
2:58 of 1st period - Antoine Vermette wins face-off versus Antoine Roussel in MapleLeafs zone.
3:01 of 1st period - Shot by David Perron.
3:01 of 1st period - Shot Misses the Net.
3:16 of 1st period - David Perron is hit by Eric Gelinas and loses puck.
3:30 of 1st period - Off-side.
3:31 of 1st period - Anze Kopitar wins face-off versus Michael Grabner in neutral zone.
3:48 of 1st period - Shot by Bobby Ryan.
3:48 of 1st period - Stopped by Petr Mrazek with a rebound.
3:50 of 1st period - Shot by Erik Johnson.
3:50 of 1st period - Shot Misses the Net.
4:00 of 1st period - Bobby Ryan is hit by Michael Grabner and loses puck.
4:56 of 1st period - Shot by Marcus Johansson.
4:56 of 1st period - Stopped by Ben Bishop without a rebound.
4:57 of 1st period - Matt Duchene wins face-off versus Antoine Vermette in Flames zone.
7:05 of 1st period - Off-side.
7:06 of 1st period - Matt Cullen wins face-off versus Matt Duchene in neutral zone.
7:17 of 1st period - Icing by Nikita Nikitin.
7:18 of 1st period - Jarret Stoll wins face-off versus Matt Duchene in MapleLeafs zone.
9:07 of 1st period - Icing by Nick Leddy.
9:08 of 1st period - Frans Nielsen wins face-off versus Anze Kopitar in MapleLeafs zone.
9:30 of 1st period - Icing by Jay Bouwmeester.
9:31 of 1st period - Jarret Stoll wins face-off versus Frans Nielsen in MapleLeafs zone.
9:38 of 1st period - Shot by Matt Cullen.
9:38 of 1st period - Shot Misses the Net.
10:31 of 1st period - Shot by Alex Tanguay.
10:31 of 1st period - Stopped by Petr Mrazek without a rebound.
10:32 of 1st period - Riley Sheahan wins face-off versus Antoine Vermette in MapleLeafs zone.
10:32 of 1st period - Riley Sheahan is hit by David Perron.
10:38 of 1st period - Kevan Miller is hit by Antoine Roussel and loses puck.
10:47 of 1st period - Shot by Antoine Roussel.
10:47 of 1st period - Shot Blocked by Kevan Miller.
10:49 of 1st period - Shot by Alexei Emelin.
10:49 of 1st period - Shot Blocked by Erik Johnson.
11:23 of 1st period - Shot by Matt Duchene.
11:23 of 1st period - Stopped by Ben Bishop without a rebound.
11:24 of 1st period - Alex Tanguay wins face-off versus Frans Nielsen in Flames zone.
11:47 of 1st period - Shot by Bobby Ryan.
11:47 of 1st period - Stopped by Petr Mrazek without a rebound.
11:48 of 1st period - Jarret Stoll wins face-off versus Matt Duchene in MapleLeafs zone.
11:51 of 1st period - Shot by Matt Cullen.
11:51 of 1st period - Shot Misses the Net.
11:53 of 1st period - Shot by Andrej Nestrasil.
11:53 of 1st period - Stopped by Petr Mrazek with a rebound.
11:55 of 1st period - Shot by Jarret Stoll.
11:55 of 1st period - Stopped by Petr Mrazek without a rebound.
11:56 of 1st period - Matt Cullen wins face-off versus Riley Sheahan in MapleLeafs zone.
12:26 of 1st period - Off-side.
12:27 of 1st period - Antoine Vermette wins face-off versus Matt Duchene in neutral zone.
12:38 of 1st period - Icing by Erik Johnson.
12:39 of 1st period - Frans Nielsen wins face-off versus Antoine Vermette in Flames zone.
12:50 of 1st period - Shot by Frans Nielsen.
12:50 of 1st period - Shot Misses the Net.
13:14 of 1st period - Shot by Andrew Miller.
13:14 of 1st period - Stopped by Petr Mrazek without a rebound.
13:15 of 1st period - Matt Duchene wins face-off versus Anze Kopitar in MapleLeafs zone.
14:23 of 1st period - Shot by Andrej Nestrasil.
14:23 of 1st period - Shot Misses the Net.
14:25 of 1st period - Shot by Jared Spurgeon.
14:25 of 1st period - Stopped by Petr Mrazek with a rebound.
14:27 of 1st period - Shot by Jared Spurgeon.
14:27 of 1st period - Stopped by Petr Mrazek with a rebound.
14:29 of 1st period - Shot by Matt Cullen.
14:29 of 1st period - Deflect By Andrej Nestrasil.
14:29 of 1st period - Stopped by Petr Mrazek without a rebound.
14:30 of 1st period - Frans Nielsen wins face-off versus Antoine Vermette in MapleLeafs zone.
14:39 of 1st period - Antoine Vermette is hit by Devante Smith-Pelly and loses puck.
15:24 of 1st period - Icing by Frans Nielsen.
15:25 of 1st period - Frans Nielsen wins face-off versus Anze Kopitar in MapleLeafs zone.
15:25 of 1st period - Frans Nielsen is hit by Bobby Ryan.
15:42 of 1st period - Icing by Travis Hamonic.
15:43 of 1st period - Jarret Stoll wins face-off versus Matt Duchene in MapleLeafs zone.
16:24 of 1st period - Icing by Travis Hamonic.
16:25 of 1st period - Matt Duchene wins face-off versus Anze Kopitar in MapleLeafs zone.
16:30 of 1st period - Anze Kopitar is hit by Milan Lucic and loses puck.
16:39 of 1st period - Milan Lucic is hit by Anze Kopitar and loses puck.
17:01 of 1st period - Icing by Travis Hamonic.
17:02 of 1st period - Marcus Johansson wins face-off versus Antoine Vermette in MapleLeafs zone.
17:02 of 1st period - Marcus Johansson is hit by David Perron.
17:33 of 1st period - Shot by David Perron.
17:33 of 1st period - Stopped by Petr Mrazek without a rebound.
17:34 of 1st period - Jarret Stoll wins face-off versus Riley Sheahan in MapleLeafs zone.
17:54 of 1st period - Riley Sheahan is hit by Justin Faulk and loses puck.
18:15 of 1st period - Shot by Matt Cullen.
18:15 of 1st period - Stopped by Petr Mrazek with a rebound.
18:34 of 1st period - Icing by Alexei Emelin.
18:35 of 1st period - Riley Sheahan wins face-off versus David Perron in MapleLeafs zone.
18:45 of 1st period - Icing by Kevan Miller.
18:46 of 1st period - Frans Nielsen wins face-off versus Antoine Vermette in Flames zone.
19:20 of 1st period - Shot by Andrew Miller.
19:20 of 1st period - Goal by Andrew Miller - MapleLeafs : 0 - Flames : 1.
19:21 of 1st period - Bobby Ryan wins face-off versus Matt Duchene in neutral zone.
19:28 of 1st period - Shot by Alex Tanguay.
19:28 of 1st period - Shot Misses the Net.
19:49 of 1st period - Icing by Justin Faulk.
19:50 of 1st period - Anze Kopitar wins face-off versus Frans Nielsen in Flames zone.
Goals for this period are 0 for MapleLeafs vs 1 for Flames.
Shots for this period are 2 for MapleLeafs vs 12 for Flames.

2nd period


0:01 of 2nd period - Anze Kopitar wins face-off versus Matt Duchene in neutral zone.
0:34 of 2nd period - Shot by Anze Kopitar.
0:34 of 2nd period - Shot Misses the Net.
1:05 of 2nd period - Icing by Jared Spurgeon.
1:06 of 2nd period - Riley Sheahan wins face-off versus Antoine Vermette in Flames zone.
1:09 of 2nd period - Shot by Antoine Roussel.
1:09 of 2nd period - Shot Misses the Net.
1:14 of 2nd period - Antoine Roussel is hit by Jack Johnson and loses puck.
1:57 of 2nd period - Antoine Vermette is hit by Michael Grabner and loses puck.
2:18 of 2nd period - Shot by Michael Grabner.
2:18 of 2nd period - Stopped by Ben Bishop without a rebound.
2:19 of 2nd period - Matt Duchene wins face-off versus Matt Cullen in Flames zone.
2:23 of 2nd period - Icing by Anze Kopitar.
2:24 of 2nd period - Matt Cullen wins face-off versus Matt Duchene in Flames zone.
2:26 of 2nd period - Icing by Justin Faulk.
2:27 of 2nd period - Frans Nielsen wins face-off versus Matt Cullen in Flames zone.
2:36 of 2nd period - Shot by Frans Nielsen.
2:36 of 2nd period - Shot Misses the Net.
2:38 of 2nd period - Shot by Nick Leddy.
2:38 of 2nd period - Deflect By Michael Grabner.
2:38 of 2nd period - Shot Misses the Net.
2:40 of 2nd period - Shot by Devante Smith-Pelly.
2:40 of 2nd period - Stopped by Ben Bishop without a rebound.
2:41 of 2nd period - Anze Kopitar wins face-off versus Milan Lucic in Flames zone.
2:41 of 2nd period - Anze Kopitar is hit by Milan Lucic.
2:47 of 2nd period - Milan Lucic is hit by Bobby Ryan.
3:24 of 2nd period - Shot by Bobby Ryan.
3:24 of 2nd period - Stopped by Petr Mrazek without a rebound.
3:25 of 2nd period - Frans Nielsen wins face-off versus Jarret Stoll in MapleLeafs zone.
3:42 of 2nd period - Off-side.
3:43 of 2nd period - Riley Sheahan wins face-off versus Antoine Vermette in neutral zone.
3:50 of 2nd period - Minor Penalty to Matt Martin for Slashing.
3:51 of 2nd period - Matt Duchene wins face-off versus Antoine Vermette in MapleLeafs zone.
3:51 of 2nd period - Matt Duchene is hit by David Perron.
4:13 of 2nd period - Shot by Alex Tanguay.
4:13 of 2nd period - Goal by Alex Tanguay - MapleLeafs : 0 - Flames : 2.
4:14 of 2nd period - Matt Cullen wins face-off versus Riley Sheahan in neutral zone.
4:35 of 2nd period - Shot by Riley Sheahan.
4:35 of 2nd period - Deflect By Antoine Roussel.
4:35 of 2nd period - Shot Misses the Net.
4:53 of 2nd period - Shot by Riley Sheahan.
4:53 of 2nd period - Stopped by Ben Bishop without a rebound.
4:54 of 2nd period - Antoine Vermette wins face-off versus Devante Smith-Pelly in Flames zone.
5:09 of 2nd period - Shot by Michael Del Zotto.
5:09 of 2nd period - Shot Blocked by Justin Faulk.
6:55 of 2nd period - Off-side.
6:56 of 2nd period - Antoine Roussel wins face-off versus Andrej Nestrasil in neutral zone.
7:17 of 2nd period - Off-side.
7:18 of 2nd period - Matt Cullen wins face-off versus Devante Smith-Pelly in neutral zone.
7:20 of 2nd period - Erik Johnson is hit by Travis Hamonic and loses puck.
7:30 of 2nd period - Minor Penalty to Devante Smith-Pelly for Hooking.
7:31 of 2nd period - Antoine Vermette wins face-off versus Matt Duchene in MapleLeafs zone.
7:45 of 2nd period - Off-side.
7:46 of 2nd period - Jarret Stoll wins face-off versus Matt Duchene in neutral zone.
7:50 of 2nd period - Off-side.
7:51 of 2nd period - Antoine Vermette wins face-off versus Matt Duchene in neutral zone.
7:55 of 2nd period - Shot by Justin Faulk.
7:55 of 2nd period - Shot Blocked by Travis Hamonic.
8:21 of 2nd period - Icing by Erik Johnson.
8:22 of 2nd period - Matt Duchene wins face-off versus Antoine Vermette in Flames zone.
8:32 of 2nd period - Icing by Erik Johnson.
8:33 of 2nd period - Alex Tanguay wins face-off versus Matt Duchene in Flames zone.
9:06 of 2nd period - Off-side.
9:07 of 2nd period - Matt Duchene wins face-off versus Jarret Stoll in neutral zone.
9:17 of 2nd period - Off-side.
9:18 of 2nd period - Jarret Stoll wins face-off versus Matt Duchene in neutral zone.
9:21 of 2nd period - Shot by Jared Spurgeon.
9:21 of 2nd period - Stopped by Petr Mrazek without a rebound.
9:22 of 2nd period - Matt Duchene wins face-off versus Jarret Stoll in MapleLeafs zone.
10:19 of 2nd period - Icing by Jay Bouwmeester.
10:20 of 2nd period - Antoine Vermette wins face-off versus Riley Sheahan in MapleLeafs zone.
10:20 of 2nd period - Antoine Vermette is hit by Jay Bouwmeester.
10:26 of 2nd period - Shot by Antoine Vermette.
10:26 of 2nd period - Stopped by Petr Mrazek without a rebound.
10:27 of 2nd period - Antoine Vermette wins face-off versus Frans Nielsen in MapleLeafs zone.
11:03 of 2nd period - Icing by Michael Grabner.
11:04 of 2nd period - Frans Nielsen wins face-off versus Anze Kopitar in MapleLeafs zone.
11:26 of 2nd period - Icing by Devante Smith-Pelly.
11:27 of 2nd period - Frans Nielsen wins face-off versus Jarret Stoll in MapleLeafs zone.
12:20 of 2nd period - Shot by Marcus Johansson.
12:20 of 2nd period - Shot Misses the Net.
13:05 of 2nd period - Shot by Matt Martin.
13:05 of 2nd period - Shot Misses the Net.
13:07 of 2nd period - Shot by Eric Gelinas.
13:07 of 2nd period - Goal by Eric Gelinas - MapleLeafs : 1 - Flames : 2.
13:08 of 2nd period - Frans Nielsen wins face-off versus Antoine Vermette in neutral zone.
13:08 of 2nd period - Travis Hamonic is hit by David Perron and loses puck.
13:35 of 2nd period - Shot by Andrew Miller.
13:35 of 2nd period - Shot Misses the Net.
13:37 of 2nd period - Shot by Jack Johnson.
13:37 of 2nd period - Shot Misses the Net.
14:00 of 2nd period - Icing by Michael Del Zotto.
14:01 of 2nd period - Anze Kopitar wins face-off versus Frans Nielsen in MapleLeafs zone.
14:08 of 2nd period - Shot by Anze Kopitar.
14:08 of 2nd period - Shot Blocked by Devante Smith-Pelly.
15:41 of 2nd period - Shot by Andrej Nestrasil.
15:41 of 2nd period - Shot Misses the Net.
16:17 of 2nd period - Icing by Eric Gelinas.
16:18 of 2nd period - Antoine Vermette wins face-off versus Riley Sheahan in MapleLeafs zone.
16:53 of 2nd period - Minor Penalty to Alexei Emelin for Holding.
16:54 of 2nd period - Matt Duchene wins face-off versus Jarret Stoll in MapleLeafs zone.
17:38 of 2nd period - Matt Duchene is hit by Jack Johnson and loses puck.
17:58 of 2nd period - Shot by Jared Spurgeon.
17:58 of 2nd period - Shot Misses the Net.
18:00 of 2nd period - Shot by Jack Johnson.
18:00 of 2nd period - Shot Misses the Net.
18:02 of 2nd period - Shot by Jared Spurgeon.
18:02 of 2nd period - Deflect By David Perron.
18:02 of 2nd period - Stopped by Petr Mrazek without a rebound.
18:03 of 2nd period - Antoine Vermette wins face-off versus Milan Lucic in MapleLeafs zone.
18:20 of 2nd period - Shot by Justin Faulk.
18:20 of 2nd period - Shot Misses the Net.
18:47 of 2nd period - Icing by Jared Spurgeon.
18:48 of 2nd period - Jarret Stoll wins face-off versus Frans Nielsen in Flames zone.
19:12 of 2nd period - Icing by Alexei Emelin.
19:13 of 2nd period - Matt Cullen wins face-off versus Matt Duchene in MapleLeafs zone.
Goals for this period are 1 for MapleLeafs vs 1 for Flames.
Shots for this period are 4 for MapleLeafs vs 5 for Flames.

3rd period


0:01 of 3rd period - Anze Kopitar wins face-off versus Marcus Johansson in neutral zone.
0:21 of 3rd period - Shot by Alex Tanguay.
0:21 of 3rd period - Stopped by Petr Mrazek without a rebound.
0:22 of 3rd period - Frans Nielsen wins face-off versus Antoine Vermette in MapleLeafs zone.
1:04 of 3rd period - Shot by David Perron.
1:04 of 3rd period - Stopped by Petr Mrazek without a rebound.
1:05 of 3rd period - Anze Kopitar wins face-off versus Matt Duchene in MapleLeafs zone.
1:19 of 3rd period - Anze Kopitar is hit by Travis Hamonic and loses puck.
1:35 of 3rd period - Shot by Anze Kopitar.
1:35 of 3rd period - Shot Blocked by Travis Hamonic.
1:58 of 3rd period - Icing by Marcus Johansson.
1:59 of 3rd period - Jarret Stoll wins face-off versus Matt Duchene in MapleLeafs zone.
1:59 of 3rd period - Travis Hamonic beats up Matt Cullen.
1:59 of 3rd period - Penalty to Matt Cullen for Fighting.
1:59 of 3rd period - Penalty to Travis Hamonic for Fighting.
2:00 of 3rd period - Antoine Vermette wins face-off versus Frans Nielsen in MapleLeafs zone.
2:13 of 3rd period - Shot by Antoine Vermette.
2:13 of 3rd period - Stopped by Petr Mrazek without a rebound.
2:14 of 3rd period - Jarret Stoll wins face-off versus Riley Sheahan in MapleLeafs zone.
2:14 of 3rd period - Kevan Miller is hit by Alexei Emelin.
2:19 of 3rd period - Eric Gelinas is hit by Kevan Miller and loses puck.
2:35 of 3rd period - Icing by Eric Gelinas.
2:36 of 3rd period - Anze Kopitar wins face-off versus Riley Sheahan in MapleLeafs zone.
3:02 of 3rd period - Off-side.
3:03 of 3rd period - Antoine Vermette wins face-off versus Matt Duchene in neutral zone.
3:11 of 3rd period - Marcus Johansson is hit by David Perron and loses puck.
3:17 of 3rd period - Milan Lucic is hit by Jared Spurgeon and loses puck.
4:08 of 3rd period - Shot by Alex Tanguay.
4:08 of 3rd period - Shot Misses the Net.
4:10 of 3rd period - Shot by Justin Faulk.
4:10 of 3rd period - Shot Misses the Net.
5:00 of 3rd period - Icing by Matt Duchene.
5:01 of 3rd period - Jarret Stoll wins face-off versus Matt Duchene in MapleLeafs zone.
5:09 of 3rd period - Minor Penalty to Jarret Stoll for Tripping.
5:10 of 3rd period - Anze Kopitar wins face-off versus Frans Nielsen in Flames zone.
6:10 of 3rd period - Icing by Nick Leddy.
6:11 of 3rd period - Frans Nielsen wins face-off versus Antoine Vermette in MapleLeafs zone.
6:24 of 3rd period - Antoine Roussel is hit by Antoine Vermette and loses puck.
7:27 of 3rd period - Shot by Michael Del Zotto.
7:27 of 3rd period - Deflect By Matt Duchene.
7:27 of 3rd period - Shot Misses the Net.
8:58 of 3rd period - Icing by Travis Hamonic.
8:59 of 3rd period - Andrew Miller wins face-off versus Riley Sheahan in MapleLeafs zone.
9:29 of 3rd period - Icing by Travis Hamonic.
9:30 of 3rd period - Matt Martin wins face-off versus Jarret Stoll in MapleLeafs zone.
10:58 of 3rd period - Shot by Andrew Miller.
10:58 of 3rd period - Shot Blocked by Matt Duchene.
11:00 of 3rd period - Shot by Erik Johnson.
11:00 of 3rd period - Stopped by Petr Mrazek without a rebound.
11:01 of 3rd period - Anze Kopitar wins face-off versus Frans Nielsen in MapleLeafs zone.
11:22 of 3rd period - Shot by Anze Kopitar.
11:22 of 3rd period - Stopped by Petr Mrazek without a rebound.
11:23 of 3rd period - Andrej Nestrasil wins face-off versus Matt Martin in MapleLeafs zone.
11:54 of 3rd period - Icing by Michael Del Zotto.
11:55 of 3rd period - Riley Sheahan wins face-off versus Anze Kopitar in MapleLeafs zone.
11:55 of 3rd period - Riley Sheahan is hit by Kevan Miller.
12:02 of 3rd period - Off-side.
12:03 of 3rd period - Anze Kopitar wins face-off versus Frans Nielsen in neutral zone.
12:30 of 3rd period - Shot by Anze Kopitar.
12:30 of 3rd period - Shot Blocked by Nick Leddy.
13:31 of 3rd period - Andrew Miller is hit by Milan Lucic and loses puck.
13:50 of 3rd period - Alexei Emelin is hit by David Perron and loses puck.
14:15 of 3rd period - Shot by Jarret Stoll.
14:15 of 3rd period - Shot Misses the Net.
14:29 of 3rd period - Shot by Jarret Stoll.
14:29 of 3rd period - Shot Blocked by Alexei Emelin.
14:31 of 3rd period - Shot by Kevan Miller.
14:31 of 3rd period - Stopped by Petr Mrazek with a rebound.
15:03 of 3rd period - Minor Penalty to Devante Smith-Pelly for Hooking.
15:04 of 3rd period - Antoine Vermette wins face-off versus Matt Duchene in MapleLeafs zone.
15:23 of 3rd period - Shot by Antoine Vermette.
15:23 of 3rd period - Shot Hit the Post.
15:25 of 3rd period - Shot by Antoine Vermette.
15:25 of 3rd period - Shot Misses the Net.
15:56 of 3rd period - Off-side.
15:57 of 3rd period - Milan Lucic wins face-off versus Jarret Stoll in neutral zone.
16:43 of 3rd period - Nick Leddy is hit by Jarret Stoll and loses puck.
17:16 of 3rd period - Shot by Antoine Roussel.
17:16 of 3rd period - Shot Blocked by Kevan Miller.
18:12 of 3rd period - Shot by Andrew Miller.
18:12 of 3rd period - Stopped by Petr Mrazek without a rebound.
18:13 of 3rd period - Matt Duchene wins face-off versus Bobby Ryan in MapleLeafs zone.
18:13 of 3rd period - Matt Duchene is hit by Anze Kopitar.
18:14 of 3rd period - Minor Penalty to Bobby Ryan for High sticking.
18:15 of 3rd period - Matt Duchene wins face-off versus Anze Kopitar in Flames zone.
18:20 of 3rd period - Shot by Milan Lucic.
18:20 of 3rd period - Stopped by Ben Bishop without a rebound.
18:21 of 3rd period - Anze Kopitar wins face-off versus Matt Duchene in Flames zone.
18:44 of 3rd period - Shot by Marcus Johansson.
18:44 of 3rd period - Shot Misses the Net.
19:00 of 3rd period - MapleLeafs, Petr Mrazek is pulled from the net.
19:16 of 3rd period - Off-side.
19:17 of 3rd period - Anze Kopitar wins face-off versus Frans Nielsen in neutral zone.
19:36 of 3rd period - Shot by Devante Smith-Pelly.
19:36 of 3rd period - Deflect By Michael Grabner.
19:36 of 3rd period - Shot Misses the Net.
19:59 of 3rd period - Shot by Jay Bouwmeester.
19:59 of 3rd period - Stopped by Ben Bishop with a rebound.
Goals for this period are 0 for MapleLeafs vs 0 for Flames.
Shots for this period are 2 for MapleLeafs vs 7 for Flames.